 Dungeon Crawl Stone Soup version 0.29.0-4-gdea44cf6ec (webtiles) character file.

Game seed: 504186771362121369

177 qw the Chopper (level 5, -10/32 HPs)
             Began as a Gargoyle Fighter on Sept 6, 2022.
             Killed from afar by a steam dragon (15 damage)
             ... with a ball of steam
             ... on level 4 of the Dungeon.
             The game lasted 00:01:50 (3566 turns).

qw the Chopper (Gargoyle Fighter)                   Turns: 3566, Time: 00:01:51

Health: -10/32     AC: 15    Str: 19    XL:     5   Next: 57%
Magic:  5/5        EV:  7    Int:  9    God:
Gold:   192        SH:  4    Dex:  9    Spells: 4/4 levels left

rFire   . . .      SeeInvis .   k - +0 war axe (vamp)
rCold   . . .      Faith    .   c - +0 buckler
rNeg    + + .      Spirit   .   i - +0 chain mail
rPois   inf        Reflect  .   p - +0 helmet
rElec   +          Harm     .   (no cloak)
rCorr   .          Rampage  .   j - +0 pair of gloves
Will    .....                   (no boots)
Stlth   ..........              (no amulet)
HPRegen 0.10/turn               e - ring of positive energy
MPRegen 0.09/turn               b - +4 ring of protection

@: no status effects
A: sickness immunity, AC +4, negative energy resistance 1, electricity
resistance, torment resistance 1, petrification resistance, deformed body, weak
1
a: no special abilities


You were on level 4 of the Dungeon.
You visited 1 branch of the dungeon, and saw 4 of its levels.

You collected 192 gold pieces.


Innate Abilities, Weirdness & Mutations

You are immune to sickness and miasma.
Your stone body is resilient. (AC +4)
You are immune to poison.
You resist negative energy. (rN+)
You are resistant to electric shocks. (rElec)
You are resistant to unholy torment.
You are immune to petrification.
Armour fits poorly on your strangely shaped body.
You are weak. (Str -2)


   Skills:
 + Level 3.5 Fighting
 - Level 5.0 Axes
 - Level 3.2 Armour
 - Level 3.2 Shields


You had 4 spell levels left.
You didn't know any spells.
Your spell library was empty.

Inventory:

Hand Weapons
 f - a +0 whip
 k - a +0 vampiric war axe (weapon)
Armour
 c - a +0 buckler (worn)
 i - a +0 chain mail (worn)
 j - a +0 pair of gloves (worn)
 p - a +0 helmet (worn)
Jewellery
 b - a +4 ring of protection (right hand)
 e - a ring of positive energy (left hand)
Scrolls
 a - a scroll of identify
Potions
 d - 2 potions of might
 g - a potion of lignification
 h - a potion of cancellation
 n - a potion of degeneration {unknown}

Dungeon Overview and Level Annotations

Branches:
Dungeon (4/15)
 Temple: D:4-7

Altars:
The Shining One


Message History

You hear the sound of rushing water.
There is an entrance to a sewer on this level.
Hurry and find it before the portal rusts away!
You hear the slow rusting of a very distant drain.
There is a stone staircase leading up here.
A steam dragon is nearby!
3557 ||| Stepping ~*~*~tactically~*~*~ (hiding).
You start waiting.
A steam dragon is nearby!
The steam dragon breathes steam at you. The ball of steam misses you.
You're standing in a cloud of steam!
You're standing in a cloud of steam!
3561 ||| Stepping randomly (cloudy).
You slash the steam dragon!
The steam dragon is moderately wounded.
You are engulfed in a cloud of scalding steam.
You block the steam dragon's attack.
The steam dragon claws you but does no damage.
The steam dragon bites you but does no damage.
The steam dragon barely misses you.
You closely miss the steam dragon.
The steam dragon is moderately wounded.
The steam dragon breathes steam at you. The ball of steam hits you!
Ouch! That really hurt!
You hit the steam dragon.
The steam dragon is heavily wounded.
You are engulfed in a cloud of scalding steam.
The steam dragon barely misses you.
The steam dragon claws you but does no damage.
You closely miss the steam dragon.
The steam dragon is heavily wounded.
The steam dragon barely misses you.
The steam dragon claws you but does no damage.
The steam dragon bites you. The steam dragon closely misses you.
You hit the steam dragon but do no damage.
The steam dragon is heavily wounded.
The steam dragon breathes steam at you. The ball of steam hits you!
You die...

#.%...#..............#
#####.#.#.....####'#.#
.#######.#.#.....####.#.#
.D..D....#..............#
.######..############.(.#
.######.................#
....................(.>.#
............#...........#
.....)%.......#D@####...#
............###..<..#...##.#
............# #..#..#......#
............# #..#..#..#####
...##........##..#.##......#
... #........##..#.......#.#
.(. #........ #..#####...#.#
#............#
#.######.....#


You could see a steam dragon (catching breath).

Vanquished Creatures
  A howler monkey (D:4)
  Robin (D:3)
  3 adders
  4 worms
  An orc (D:3)
  9 endoplasms
  3 giant cockroaches
  16 goblins
  7 hobgoblins
  3 jackals
  4 quokkas
  6 ball pythons
  7 bats
  4 frilled lizards
  6 kobolds
  8 rats
83 creatures vanquished.

Vanquished Creatures (others)
  An adder (D:4)
1 creature vanquished.

Grand Total: 84 creatures vanquished

Notes
Turn   | Place    | Note
-------+----------+-------------------------------------------
     0 | D:1      | qw the Gargoyle Fighter began the quest for the Orb.
     0 | D:1      | Reached XP level 1. HP: 14/14 MP: 1/1
     0 | D:1      | 0 ||| qw: Version: 0.1-a-107-g9ff403c
     0 | D:1      | 0 ||| qw: Game counter: 6168
     0 | D:1      | 0 ||| qw: Always use a shield: true
     0 | D:1      | 0 ||| qw: God list: Okawaru
     0 | D:1      | 0 ||| qw: Allow faded altars: false
     0 | D:1      | 0 ||| qw: Do Orc after D:15 true
     0 | D:1      | 0 ||| qw: Do second Lair branch before Depths: true
     0 | D:1      | 0 ||| qw: Lair rune preference: random
     0 | D:1      | 0 ||| qw: Plans: Normal, Zot, God:TSO, Crypt, Tomb, Zig,
                  | Orb
     0 | D:1      | 0 ||| PLANNING D:1-11
    36 | D:1      | Reached skill level 2 in Axes
   194 | D:1      | Reached XP level 2. HP: 17/19 MP: 2/2
   216 | D:1      | Found a faded altar of an unknown god.
   421 | D:1      | 421 ||| Stepping ~*~*~tactically~*~*~ (stealth).
   422 | D:1      | 422 ||| Stepping ~*~*~tactically~*~*~ (stealth).
   855 | D:1      | Reached skill level 3 in Axes
   959 | D:1      | Reached XP level 3. HP: 23/23 MP: 3/3
   987 | D:1      | 987 ||| UPGRADING to +0 chain mail.
   997 | D:1      | 997 ||| DROPPING +0 scale mail.
   998 | D:1      | 998 ||| UPGRADING to ring of positive energy.
   999 | D:1      | 999 ||| READING 3 scrolls labelled ZOGUMO VETHEF.
  1000 | D:1      | 1000 ||| READING scroll labelled QYSTRO QEOGUINWABA.
  1001 | D:1      | 1001 ||| DRINKING 2 white potions.
  1001 | D:1      | Gained mutation: You are strong-willed. (Will+) [potion of
                  | mutation]
  1001 | D:1      | Gained mutation: Armour fits poorly on your strangely
                  | shaped body. [potion of mutation]
  1002 | D:1      | 1002 ||| DRINKING potion of mutation.
  1002 | D:1      | Lost mutation: Armour fits poorly on your strangely shaped
                  | body. [potion of mutation]
  1002 | D:1      | Lost mutation: You are strong-willed. (Will+) [potion of
                  | mutation]
  1002 | D:1      | Gained mutation: You are weak. (Str -2) [potion of
                  | mutation]
  1002 | D:1      | Gained mutation: Armour fits poorly on your strangely
                  | shaped body. [potion of mutation]
  1003 | D:1      | 1003 ||| READING 2 scrolls of identify.
  1003 | D:1      | 1003 ||| IDENTIFYING smoky white potion
  1025 | D:2      | 1025 ||| STAIRDANCE
  1042 | D:2      | 1042 ||| STAIRDANCE
  1108 | D:2      | Found a glowing golden altar of the Shining One.
  1193 | D:2      | 1193 ||| FLEEEEING.
  1196 | D:2      | 1196 ||| FLEEEEING.
  1197 | D:2      | 1197 ||| FLEEEEING.
  1198 | D:2      | 1198 ||| FLEEEEING.
  1206 | D:2      | 1206 ||| FLEEEEING.
  1207 | D:2      | 1207 ||| FLEEEEING.
  1208 | D:2      | 1208 ||| FLEEEEING.
  1209 | D:2      | 1209 ||| FLEEEEING.
  1210 | D:2      | 1210 ||| FLEEEEING.
  1211 | D:2      | 1211 ||| FLEEEEING.
  1212 | D:2      | 1212 ||| FLEEEEING.
  1213 | D:2      | 1213 ||| FLEEEEING.
  1214 | D:2      | 1214 ||| FLEEEEING.
  1215 | D:2      | 1215 ||| FLEEEEING.
  1216 | D:2      | 1216 ||| FLEEEEING.
  1217 | D:2      | 1217 ||| FLEEEEING.
  1218 | D:2      | 1218 ||| FLEEEEING.
  1219 | D:2      | 1219 ||| FLEEEEING.
  1221 | D:2      | 1221 ||| FLEEEEING.
  1226 | D:2      | 1226 ||| FLEEEEING.
  1227 | D:2      | 1227 ||| FLEEEEING.
  1235 | D:2      | 1235 ||| STAIRDANCE
  1292 | D:1      | 1292 ||| READING scroll labelled MANOENLO UDETU.
  1292 | D:1      | Identified a scroll of acquirement
  1292 | D:1      | 1292 ||| ACQUIRING +4 ring of protection
  1292 | D:1      | Acquired a +4 ring of protection
  1294 | D:1      | 1294 ||| UPGRADING to +4 ring of protection.
  1295 | D:1      | 1295 ||| READING scroll labelled HAROJUF TOIC.
  1640 | D:2      | 1640 ||| Stepping ~*~*~tactically~*~*~ (stealth).
  1794 | D:2      | Reached XP level 4. HP: 28/28 MP: 4/4
  1983 | D:2      | 1983 ||| READING scroll labelled UVANIZIWIE.
  2034 | D:2      | 2034 ||| READING scroll labelled LASYJA LYAFULA.
  2035 | D:2      | 2035 ||| READING 3 scrolls of identify.
  2035 | D:2      | 2035 ||| IDENTIFYING emerald potion
  2036 | D:2      | 2036 ||| READING 2 scrolls of identify.
  2036 | D:2      | 2036 ||| IDENTIFYING murky yellow potion
  2037 | D:2      | 2037 ||| DROPPING potion of magic.
  2274 | D:3      | Reached skill level 4 in Axes
  2619 | D:3      | 2619 ||| Stepping ~*~*~tactically~*~*~ (stealth).
  2623 | D:3      | 2623 ||| Stepping ~*~*~tactically~*~*~ (stealth).
  2626 | D:3      | 2626 ||| Stepping ~*~*~tactically~*~*~ (stealth).
  2729 | D:3      | Noticed Robin
  2730 | D:3      | 2730 ||| Stepping ~*~*~tactically~*~*~ (hiding).
  2740 | D:3      | Killed Robin
  2766 | D:3      | 2766 ||| Stepping ~*~*~tactically~*~*~ (stealth).
  2776 | D:3      | Reached XP level 5. HP: 30/32 MP: 5/5
  2820 | D:3      | 2820 ||| Stepping ~*~*~tactically~*~*~ (stealth).
  3272 | D:3      | 3272 ||| UPGRADING to +0 pair of gloves.
  3277 | D:3      | 3277 ||| UPGRADING to +0 helmet.
  3282 | D:3      | 3282 ||| READING scroll labelled WAKHAE NYSOO.
  3283 | D:3      | 3283 ||| READING 2 scrolls labelled KAICES JAMM.
  3284 | D:3      | 3284 ||| READING scroll labelled JOCLUU TIEME.
  3285 | D:3      | 3285 ||| DRINKING 3 fizzy orange potions.
  3286 | D:3      | 3286 ||| DROPPING 2 potions of brilliance.
  3287 | D:3      | 3287 ||| DROPPING scroll of magic mapping.
  3299 | D:4      | 3299 ||| PLANNING SEWER
  3304 | D:4      | Reached skill level 5 in Axes
  3435 | D:4      | Noticed a steam dragon
  3441 | D:4      | 3441 ||| Stepping ~*~*~tactically~*~*~ (cloud).
  3445 | D:4      | 3445 ||| FLEEEEING.
  3449 | D:4      | 3449 ||| FLEEEEING.
  3452 | D:4      | 3452 ||| FLEEEEING.
  3455 | D:4      | 3455 ||| FLEEEEING.
  3456 | D:4      | 3456 ||| FLEEEEING.
  3457 | D:4      | 3457 ||| FLEEEEING.
  3458 | D:4      | 3458 ||| STAIRDANCE
  3554 | D:3      | 3554 ||| READING scroll labelled QUVINI NONOSUFEK.
  3557 | D:4      | 3557 ||| Stepping ~*~*~tactically~*~*~ (hiding).
  3561 | D:4      | 3561 ||| Stepping randomly (cloudy).
  3565 | D:4      | HP: 5/32 [steam dragon (5)]
  3566 | D:4      | Killed from afar by a steam dragon

Levels and vault maps discovered:
D:1:      minmay_arrival_four_houses, layout_basic,
          hellmonk_ecumenical_altar_run_dry, minmay_pentomino_u2
D:2:      layout_loops_ring, basic_altar
D:3:      layout_loops_ring, uniq_robin
D:4:      layout_basic, dk_xom_monty_hall, gup_sewer_entry_glass

Skill      XL: |  1  2  3  4  5 |
---------------+----------------+-----
Axes           | 2 3 4 5 |  5.0
Fighting       | |  3.5
Armour         | |  3.2
Shields        | |  3.2

Action                   |  1- 3 |  4- 6 || total
-------------------------+-------+-------++-------
Melee: War axe           |   134 |   158 ||   292
  Use: Scroll            |     5 |     8 ||    13
       Potion            |     2 |     1 ||     3
 Stab: Distracted        |       |     1 ||     1
Armor: Scale mail        |    38 |       ||    38
       Chain mail        |    40 |    95 ||   135
Dodge: Dodged            |    42 |    63 ||   105
Block: Buckler           |    33 |    32 ||    65

Table legend:
 A = Non-vault XP
 B = Vault XP
 C = Vault XP percentage of total XP
 D = Non-vault monster count
 E = Vault monster count
 F = Vault count percentage of total count
                 A         B        C        D         E       F
            +---------+---------+-------+---------+---------+-------
      Total |     215 |      38 |  15.0 |      71 |      13 |  15.5
            +---------+---------+-------+---------+---------+-------
        D:1 |      34 |       3 |   8.1 |      22 |       2 |   8.3
        D:2 |      46 |       0 |   0.0 |      20 |       0 |   0.0
        D:3 |      64 |      35 |  35.4 |      23 |      11 |  32.4
        D:4 |      71 |       0 |   0.0 |       6 |       0 |   0.0
            +---------+---------+-------+---------+---------+-------
